 Dungeon Crawl Stone Soup version 0.20.1-1-g8b1a95d (webtiles) character file.

2035 Kagerus the Protected (level 9, -6/63 HPs)
             Began as a Human Fighter on July 28, 2017.
             Mangled by an orc warrior
             ... wielding a +0 halberd
              (21 damage)
             ... in a bailey.
             The game lasted 00:22:09 (8145 turns).

Kagerus the Protected (Human Fighter)               Turns: 8145, Time: 00:22:10

Health: -6/63      AC: 13    Str: 25    XL:     9   Next: 48%
Magic:  9/9        EV:  6    Int:  8    God:
Gold:   244        SH: 11    Dex: 13    Spells: 8/8 levels left

rFire    . . .     SeeInvis .   a - +1 long sword
rCold    . . .     Gourm    .   c - +0 shield
rNeg     . . .     Faith    .   v - +0 chain mail
rPois    .         Spirit   .   y - +0 helmet
rElec    .         Reflect  .   n - +0 cloak (curse)
rCorr    .         Harm     .   (no gloves)
MR       .....                  (no boots)
Stlth    ..........             (no amulet)
Regen    0.2/turn               (no ring)
MPRegen  0.2/turn               (no ring)

@: mighty
A: no striking features
a: no special abilities


You were in a bailey.
You were not hungry.

You visited 1 branch of the dungeon, and saw 7 of its levels.
You also visited: Sewer and Bailey.

You collected 244 gold pieces.

Inventory:

Hand Weapons
 a - a +1 long sword (weapon)
Missiles
 e - 2 tomahawks (quivered)
Armour
 c - a +0 shield (worn)
 n - a cursed +0 cloak (worn)
 v - a +0 chain mail (worn)
 y - a +0 helmet (worn)
Jewellery
 q - an uncursed ring of fire
Wands
 r - a wand of enslavement (1/24)
 s - a wand of confusion (33/48)
Scrolls
 g - 2 scrolls of fear
 j - 3 scrolls of remove curse
 m - a scroll of enchant weapon
 A - 4 scrolls of amnesia
Potions
 b - 4 potions of flight
 d - a potion of might
 h - 3 potions of curing
 k - 3 potions of mutation
 l - 5 potions of agility
 p - 8 potions of heal wounds
 t - a potion of resistance
 u - a potion of lignification
 x - 2 potions of brilliance {unknown}
 z - a potion of ambrosia {unknown}
 B - a potion of magic
Comestibles
 f - 6 bread rations
 i - 2 royal jellies
 o - 3 meat rations
 C - a chunk of flesh


   Skills:
 - Level 3.0 Fighting
 - Level 7.1 Long Blades
 * Level 8.6 Armour
 + Level 6.1 Shields


You had 8 spell levels left.
You didn't know any spells.

Dungeon Overview and Level Annotations

Branches:
Dungeon (7/15)             Temple (0/1) D:7

Altars:
Gozag

Shops:
D:4 %   D:7 }

Annotations:
D:6 Menkaure


Message History

The orc hits you but does no damage.
The orc warrior hits you but does no damage.
You barely miss the orc warrior. You block the orc warrior's attack.
The orc closely misses you. The orc warrior hits you with a glaive!
You closely miss the orc warrior. The orc warrior closely misses you.
The orc hits you with a halberd.
The orc warrior hits you but does no damage.
You slash the orc warrior!
The orc warrior is severely wounded.
The orc warrior hits you but does no damage.
You block the orc's attack.
You slice the orc warrior!!
You kill the orc warrior!
You block the orc warrior's attack. You block the orc's attack.
You slash the orc!
You kill the orc!
The orc warrior hits you from afar with a halberd!
* * * LOW HITPOINT WARNING * * *
The orc warrior hits you with a halberd!!
You die...

## ### #
##∩###########.##
.##...##.....##..=#
..#...#..≈≈≈..#..[#
≈.......≈≈o≈≈.#...#
≈.......≈ooo≈.'.o.#
≈....(..≈≈o≈≈.#.@$#
..#...#..≈≈≈..#).?#
#.∩.##.....##...#
##∩###########.##
### ###


You could see an orc knight, 3 orc warriors and an orc.

Vanquished Creatures
  Duvessa (D:6)
  2 ice beasts (D:5)
  An orc warrior (Bailey)
  2 phantoms
  3 ogres
  A centaur (D:5)
  A bullfrog (D:6)
  Blork the orc (D:5)
  Dowan (D:6)
  A wight (D:5)
  A crimson imp (D:5)
  A bullfrog zombie (D:5)
  A jelly (D:5)
  3 hounds
  A quasit (D:6)
  An orc priest (D:4)
  2 orc wizards (D:5)
  An iguana (D:5)
  4 worker ants
  A killer bee zombie (D:6)
  A hound zombie (D:5)
  2 hound skeletons
  9 gnolls
  15 adders
  4 river rats
  A shadow imp (D:7)
  An ooze (D:5)
  2 adder skeletons
  An adder zombie (D:5)
  2 worms (D:2)
  2 leopard geckos
  20 orcs
  8 ball pythons
  5 giant cockroaches
  12 goblins
  4 hobgoblins
  4 jackals (D:2)
  3 quokkas
  11 bats
  7 frilled lizards
  26 kobolds
  32 rats
202 creatures vanquished.

Vanquished Creatures (others)
  2 orcs (D:5)
2 creatures vanquished.

Grand Total: 204 creatures vanquished

Notes
Turn   | Place    | Note
-------+----------+-------------------------------------------
     0 | D:1      | Kagerus the Human Fighter began the quest for the Orb.
     0 | D:1      | Reached XP level 1. HP: 18/18 MP: 1/1
   118 | D:1      | Reached XP level 2. HP: 23/24 MP: 2/2
   443 | D:1      | Reached XP level 3. HP: 27/29 MP: 3/3
   780 | D:2      | Reached XP level 4. HP: 19/35 MP: 4/4
  1355 | D:2      | Reached XP level 5. HP: 28/41 MP: 5/5
  1639 | D:2      | Reached skill level 5 in Long Blades
  1800 | D:2      | Found an opulent altar of Gozag.
  2509 | D:3      | Reached XP level 6. HP: 34/47 MP: 6/6
  3008 | D:4      | Noticed an ogre
  3111 | D:4      | You fall through a shaft for 2 floors!
  3135 | D:6      | Noticed Duvessa
  3135 | D:6      | Noticed Dowan
  3157 | D:5      | Entered Level 5 of the Dungeon
  3287 | D:5      | Noticed an ice beast
  3303 | D:5      | Killed an ice beast
  3303 | D:5      | Reached XP level 7. HP: 28/52 MP: 7/7
  3564 | D:4      | Found a glowing drain.
  3574 | Sewer    | Entered a sewer
  4306 | D:4      | Reached skill level 4 in Armour
  4607 | D:4      | Found Hobluitt's Food Boutique.
  5313 | D:4      | Reached XP level 8. HP: 58/58 MP: 8/8
  5522 | D:4      | Reached skill level 5 in Armour
  5954 | D:5      | Reached skill level 6 in Armour
  6257 | D:5      | Noticed Blork the orc
  6274 | D:5      | Killed Blork the orc
  6618 | D:5      | Reached skill level 7 in Armour
  6618 | D:5      | Reached skill level 5 in Shields
  6788 | D:5      | Reached XP level 9. HP: 44/63 MP: 9/9
  7066 | D:6      | Killed Duvessa
  7296 | D:6      | Reached skill level 8 in Armour
  7303 | D:6      | Noticed Menkaure
  7592 | D:6      | Killed Dowan
  8033 | D:7      | Found Moup's Gadget Shoppe.
  8068 | D:7      | Found a flagged portal.
  8099 | Bailey   | Entered a bailey
  8099 | Bailey   | Noticed an orc knight
  8099 | Bailey   | Noticed an orc knight
  8145 | Bailey   | Mangled by an orc warrior

Skill      XL: |  1  2  3  4  5  6  7  8  9 |
---------------+----------------------------+-----
Long Blades    | 3 4 5 7 |  7.1
Armour         | 4 7 8 |  8.6
Shields        | 5 6 |  6.1
Fighting       | |  3.0

Action                   |  1- 3 |  4- 6 |  7- 9 || total
-------------------------+-------+-------+-------++-------
Melee: Long sword        |   112 |   238 |   490 ||   840
       Falchion          |       |       |    21 ||    21
Throw: Tomahawk          |       |       |     7 ||     7
Evoke: Wand              |       |       |    18 ||    18
  Use: Scroll            |       |    12 |     5 ||    17
       Potion            |       |       |     3 ||     3
 Stab: Confused          |       |       |     2 ||     2
  Eat: Chunk             |       |     8 |    13 ||    21
       Fruit             |       |       |     1 ||     1
       Meat ration       |       |       |     1 ||     1
Armor: Scale mail        |    52 |    75 |       ||   127
       Chain mail        |       |    46 |   289 ||   335
Dodge: Dodged            |    36 |    64 |   127 ||   227
Block: Shield            |    61 |   134 |   267 ||   462
       Rpst.: Long sword |    12 |    22 |    31 ||    65
       Falchion          |       |       |     1 ||     1
